 Dungeon Crawl Stone Soup version 0.31-a0-1242-g57893ffec4 (webtiles) character file.

Game seed: 17659284511588169832

651 Descartes the Digger (level 7, -3/49 (52) HPs)
             Began as a Formicid Earth Elementalist on Dec 16, 2023.
             Killed by divine providence
             ... invoked by an orc priest
              (15 damage)
             ... on level 5 of the Dungeon.
             The game lasted 00:06:52 (4667 turns).

Descartes the Digger (Formicid Earth Elementalist)  Turns: 4667, Time: 00:06:52

HP:   -3/49 (52)    AC:  7    Str: 14    XL:     7   Next: 83%
MP:   12/12         EV:  9    Int: 21    God:
Gold: 333           SH:  0    Dex: 14    Spells: 12/13 levels left

rFire   . . .        w - +2 hand axe (vamp)
rCold   . . .        (no shield)
rNeg    . . .        g - +0 scale mail
rPois   .            (helmet unavailable)
rElec   .            (no cloak)
rCorr   .            k - +0 pair of gloves
SInv    +            (no boots)
Will    .....        (no amulet)
Stlth   +            f - +6 ring of intelligence
HPRegen 0.28/turn    h - ring of wizardry
MPRegen 0.13/turn

%: wizardry (x1)
@: drained
A: permanent stasis, dig shafts and tunnels, antennae 3, four strong arms
a: Dig, Shaft Self


You were on level 5 of the Dungeon.
You visited 1 branch of the dungeon, and saw 5 of its levels.

You collected 333 gold pieces.

Inventory:

Hand Weapons
 w - a +2 vampiric hand axe (weapon)
Missiles
 m - 6 atropa-tipped darts
 n - 5 boomerangs
Armour
 g - a +0 scale mail (worn)
 k - a +0 pair of gloves (worn)
Jewellery
 f - a +6 ring of intelligence (left hand)
 h - a ring of wizardry (right hand)
 t - a ring of willpower
Scrolls
 c - 3 scrolls of acquirement {unknown}
 d - a scroll of blinking {unknown}
 i - 3 scrolls of identify {unknown}
 l - 2 scrolls of immolation {unknown}
 q - a scroll of poison {unknown}
 s - a scroll of teleportation {unknown}
 v - a scroll of revelation {unknown}
 x - a scroll of fog {unknown}
Potions
 a - 2 potions of heal wounds {unknown}
 b - a potion of magic
 e - 3 potions of curing {unknown}
 j - a potion of attraction {unknown}
 o - a potion of mutation {unknown}
 p - a potion of invisibility {unknown}
 r - 3 potions of degeneration {unknown}
 u - a potion of haste {unknown}


   Skills:
 + Level 3.5 Fighting
 + Level 1.9 Axes
 + Level 3.1 Armour
 - Level 1.7 Dodging
 - Level 2.4 Stealth
 + Level 4.3 Shields
 + Level 3.9 Spellcasting
 - Level 1.1 Transmutations
 + Level 5.4 Earth Magic


You had 12 spell levels left.
You knew the following spells:

 Your Spells              Type           Power      Damage    Failure   Level
a - Sandblast             Erth           54%        2d13      2%          1

Your spell library contained the following spells:

 Spells                   Type           Power      Damage    Failure   Level
 Passwall                 Tmut/Erth      14%        N/A       8%          2
 Wereblood                Tmut           8%         N/A       19%         2
 Stone Arrow              Conj/Erth      30%        3d8       19%         3
 Summon Small Mammal      Summ           16%        N/A       21%         1
 Petrify                  Tmut/Erth      17%        N/A       43%         4
 Call Canine Familiar     Summ           4%         N/A       50%         3
 Ozocubu's Armour         Ice            4%         N/A       50%         3
 Summon Guardian Golem    Hex/Summ       4%         N/A       50%         3
 Brom's Barrelling Bould  Conj/Erth      15%        2d4       52%         4
 Animate Dead             Necr           4%         N/A       86%         4
 Irradiate                Conj/Tmut      3%         3d12      98%         5
 Haunt                    Necr/Summ      2%         N/A       100%        7
 Ozocubu's Refrigeration  Ice            2%         4d7       100%        7
 Infestation              Necr           2%         N/A       100%        8


Dungeon Overview and Level Annotations

Branches:
Dungeon (5/15)
 Temple: D:4-7

Altars:
Trog
Xom

Shops:
D:1 (


Innate Abilities, Weirdness & Mutations

You cannot be hasted, slowed, berserked, paralysed or teleported.
You can dig through walls and to a lower floor.
You have a pair of large antennae on your head. (SInv)
Your four strong arms can wield two-handed weapons with a shield.


Message History

You hit the quokka.
You feel better.
You kill the quokka!
You hit the orc priest.
You feel better.
The orc priest is lightly wounded.
The orc priest hits you but does no damage.
You hit the orc priest but do no damage.
The orc priest is lightly wounded.
The orc priest closely misses you. x2
You hit the orc priest but do no damage.
The orc priest is lightly wounded.
The orc priest barely misses you.
You closely miss the orc priest.
The orc priest is lightly wounded.
The orc priest barely misses you.
You barely miss the orc priest.
The orc priest is lightly wounded.
The orc priest completely misses you.
You hit the orc priest but do no damage.
The orc priest is lightly wounded.
The orc priest hits you with a +0 mace.
* * * LOW HITPOINT WARNING * * *
You hit the orc priest.
The orc priest is heavily wounded.
The orc priest calls down the wrath of Beogh upon you.
You struggle to resist.
The orc priest hits you with a +0 mace.
* * * LOW HITPOINT WARNING * * *
You completely miss the orc priest.
The orc priest is heavily wounded.
The orc priest hits you but does no damage.
You hit the orc priest.
You feel better.
The orc priest is almost dead.
The orc priest closely misses you.
You hit the orc priest but do no damage.
The orc priest is almost dead.
The orc priest closely misses you.
You barely miss the orc priest.
The orc priest is almost dead.
The orc priest calls down the wrath of Beogh upon you.
Beogh smites you!
You die...

#.#.....o..##[........
#...........#.........
##..........##........ #
#...........#......# .
##.......o..##r..# #
#.......r.....# .
##........###.# ##
#......####o## #.# #.
##...#######@###.# #.
#.####..........# #. #.##
#..........# #.
#..###..........# ##
##..............############
#####......................
#......................
#.....####.............
#.....# #.............


You could see an orc priest.

Vanquished Creatures
  An ice beast (D:5)
  An ogre (D:5)
  A scorpion (D:5)
  2 hounds
  A jelly (D:5)
  A gnoll bouda (D:5)
  An orc priest (D:5)
  An iguana (D:4)
  8 gnolls
  8 adders
  A white imp (D:5)
  An ufetubus (D:5)
  3 dart slugs
  2 worms
  7 orcs
  A ball python (D:3)
  4 endoplasms
  3 giant cockroaches
  2 goblins
  4 hobgoblins (D:1)
  5 kobolds
  5 quokkas
  6 bats
  3 frilled lizards
  7 rats
79 creatures vanquished.

Vanquished Creatures (others)
  An orc (D:3)
1 creature vanquished.

Grand Total: 80 creatures vanquished

Notes
Turn   | Place    | Note
-------+----------+-------------------------------------------
     0 | D:1      | Descartes the Formicid Earth Elementalist began the quest
                  | for the Orb.
     0 | D:1      | Reached XP level 1. HP: 13/13 MP: 3/3
   120 | D:1      | Reached XP level 2. HP: 11/20 MP: 5/5
   171 | D:1      | Found Puunonli's Weapon Shoppe.
   192 | D:1      | Reached skill level 1 in Shields
   398 | D:1      | Reached skill level 1 in Fighting
   573 | D:1      | Reached XP level 3. HP: 26/26 MP: 4/6
   638 | D:1      | Reached skill level 4 in Earth Magic
  1385 | D:2      | Reached XP level 4. HP: 32/32 MP: 4/8
  1801 | D:3      | Reached skill level 1 in Armour
  2255 | D:3      | Found a bloodstained altar of Trog.
  2484 | D:3      | Reached XP level 5. HP: 38/38 MP: 7/9
  3029 | D:4      | Found a shimmering altar of Xom.
  3353 | D:4      | Reached XP level 6. HP: 44/46 MP: 3/10
  3909 | D:5      | Entered Level 5 of the Dungeon
  3946 | D:5      | Noticed an ogre
  3999 | D:5      | Killed an ogre
  4000 | D:5      | Reached skill level 5 in Earth Magic
  4041 | D:5      | Reached skill level 1 in Axes
  4043 | D:5      | Reached XP level 7. HP: 46/52 MP: 7/12
  4667 | D:5      | Killed from afar by an orc priest

Illustrated notes

Levels and vault maps discovered:
D:1:      co_arrival_random_square_maze, layout_basic, serial_shops,
          nicolae_shop_trees, chequers_serial_rivers_room_a
D:2:      layout_basic
D:3:      layout_loops_corners, amcnicky_altar_gilded, lemuel_flame_loot_1
D:4:      layout_loops_cross, mainiacjoe_overflow_brackets
D:5:      minmay_skewed_foursquare, layout_basic

Skill      XL: |  1  2  3  4  5  6  7 |
---------------+----------------------+-----
Shields        | 1 2 3 4 |  4.3
Fighting       | 1 2 3 |  3.5
Earth Magic    | 4 5 |  5.4
Armour         | 1 2 3 |  3.1
Spellcasting   | 3 |  3.9
Axes           | 1 |  1.9
Dodging        | |  1.7
Stealth        | |  2.4
Transmutations | |  1.1

Action                     |  1- 3 |  4- 6 |  7- 9 || total
---------------------------+-------+-------+-------++-------
  Melee: Dagger            |    53 |       |       ||    53
         Hand axe          |       |    14 |    24 ||    38
   Cast: Sandblast         |    25 |    64 |    32 ||   121
Ability: Dig               |       |     1 |     1 ||     2
   Stab: Sleeping          |     2 |       |       ||     2
 Armour: Robe              |    39 |       |       ||    39
         Scale mail        |     4 |    31 |    35 ||    70
  Dodge: Dodged            |    46 |    22 |    24 ||    92

Table legend: (Time is in decaauts)
 A = Elapsed time spent in this place.
 B = Non-inter-level travel time spent in this place.
 C = Inter-level travel time spent in this place.
 D = Time resting spent in this place.
 E = Time spent auto-exploring this place.
 F = Levels seen in this place.
 G = Mean time per level.
                   A        B        C        D        E       F      G
               +--------+--------+--------+--------+--------+-----+--------+
         Total |   4733 |   4646 |     87 |      0 |   3994 |   5 |  946.6 |
       Dungeon |   4733 |   4646 |     87 |      0 |   3994 |   5 |  946.6 |
               +--------+--------+--------+--------+--------+-----+--------+

Top non-repeatable levels by time:
     D:3: 1276 daAuts
     D:1: 1015 daAuts
     D:4: 933 daAuts
     D:5: 785 daAuts
     D:2: 721 daAuts
